 Dungeon Crawl Stone Soup version 0.31.0-4-g52a2dc7128 (webtiles) character file.

Game seed: 17570022668447004979

112 gelatine the Gusty (level 4, -3/30 HPs)
             Began as a Demonspawn Air Elementalist on Jan 21, 2024.
             Killed from afar by Natasha (4 damage)
             ... with a magic dart
             ... on level 2 of the Dungeon.
             The game lasted 00:05:15 (2190 turns).

gelatine the Gusty (Demonspawn Air Elementalist)    Turns: 2190, Time: 00:05:17

Health: -3/30      AC:  3    Str:  9    XL:     4   Next: 63%
Magic:  6/8        EV: 12    Int: 17    God:
Gold:   74         SH:  0    Dex: 13    Spells: 5/8 levels left

rFire   . . .        f - +0 dagger
rCold   . . .        (no shield)
rNeg    . . .        a - +0 robe
rPois   .            d - +0 helmet
rElec   .            (no cloak)
rCorr   .            (no gloves)
SInv    .            (no boots)
Will    .....        (no amulet)
Stlth   ++           (no ring)
HPRegen 0.25/turn    (no ring)
MPRegen 0.11/turn

%: no passive effects
@: slowed, very slow
A: demonic guardian 1, powered by death 1, weakness stinger 1
a: no special abilities


You were on level 2 of the Dungeon.
You visited 1 branch of the dungeon, and saw 2 of its levels.

You collected 74 gold pieces.

Inventory:

Hand Weapons
 e - a +0 club
 f - a +0 dagger (weapon)
Missiles
 g - 4 curare-tipped darts
Armour
 a - a +0 robe (worn)
 d - a +0 helmet (worn)
Scrolls
 h - 4 scrolls of enchant weapon {unknown}
 j - a scroll of identify {unknown}
 k - a scroll of teleportation {unknown}
 l - a scroll of noise {unknown}
 n - a scroll of fog {unknown}
Potions
 b - a potion of magic
 c - 2 potions of curing {unknown}
 i - a potion of berserk rage {unknown}
 m - a potion of degeneration {unknown}


   Skills:
 + Level 0.1 Fighting
 + Level 0.1 Short Blades
 + Level 2.0 Dodging
 + Level 2.1 Stealth
 + Level 0.1 Unarmed Combat
 + Level 2.8 Spellcasting
 + Level 2.1 Conjurations
 + Level 3.6 Air Magic


You had 5 spell levels left.
You knew the following spells:

 Your Spells              Type           Power      Damage    Failure   Level
a - Shock                 Conj/Air       48%        1d6       5%          1
b - Static Discharge      Conj/Air       24%        3-4/arc   9%          2

Your spell library contained the following spells:

 Spells                   Type           Power      Damage    Failure   Level
 Swiftness                Air            14%        N/A       12%         3
 Airstrike                Air            7%         2d(1-17)  36%         4


Dungeon Overview and Level Annotations

Branches:
Dungeon (2/15)

Altars:

Annotations:
D:2 Natasha


Innate Abilities, Weirdness & Mutations

A weak demonic guardian rushes to your aid.
You regenerate a little health from kills.
You have a small tail.


Message History

The zap hits Natasha.
Natasha is moderately wounded.
You are out of magic!
Found an encrusted wooden wand.
Natasha stares at you and mumbles some strange words.
The magic dart hits you.
Natasha casts a spell.
You closely miss Natasha.
Your tail-slap misses Natasha.
Natasha is moderately wounded.
Natasha casts a spell.
Magic courses through your body. The cerulean imp barely misses you.
Natasha casts a spell at you.
You feel yourself slow down. The cerulean imp misses you.
Casting: Shock (safe; 5% risk of failure)
Confirm with . or Enter, or press ? or * to list all spells.
The cerulean imp is struck by an arc of lightning.
The cerulean imp completely resists.
You are struck by an arc of lightning.
The lightning grounds out.
Natasha is struck by an arc of lightning.
Natasha is heavily wounded.
The cerulean imp is struck by an arc of lightning.
The cerulean imp resists.
The cerulean imp is lightly wounded.
Natasha is struck by an arc of lightning.
Natasha is almost dead.
The lightning grounds out.
The cerulean imp hits you but does no damage.
Natasha hisses.
Natasha claws you.
* * * LOW HITPOINT WARNING * * *
The cerulean imp hits you with a +3 spear.
* * * LOW HITPOINT WARNING * * *
A demonic guardian appears!
An adder comes into view.
The cerulean imp hits you from afar with a +0 spear.
* * * LOW HITPOINT WARNING * * *
Natasha casts a spell at you. The magic dart hits you.
You die...
Natasha begins licking her fur clean.

.......# ######8##8##8
.......####............
...............#8##8##8 .
.......##......#########...
#.#........................
#.#<###.......)............
#.#..##.##...(.....#†......
#.##....###..>#...##......>
#.....(...###.5.@5.........
#..###.##.# #.h.....#.#####
... #.# .# #..5....#.# #.##
#.# . #....####.# #. #..
#....### .# . ##. S.... .
..##../. . #.... . . ....


You could see Natasha, 2 cerulean imps, an adder (asleep) and a friendly shadow
imp (summoned).

Vanquished Creatures
  Natasha (twice) (D:2)
  An adder (D:2)
  A ribbon worm (D:2)
  2 dart slugs
  3 bats
  6 endoplasms
  A giant cockroach (D:1)
  5 goblins
  4 hobgoblins
  2 quokkas (D:1)
  4 ball pythons
  3 frilled lizards
  4 kobolds (D:1)
  3 rats
41 creatures vanquished.

Vanquished Creatures (collateral kills)
  A ribbon worm (D:1)
1 creature vanquished.

Grand Total: 42 creatures vanquished

Notes
Turn   | Place    | Note
-------+----------+-------------------------------------------
     0 | D:1      | gelatine the Demonspawn Air Elementalist began the quest
                  | for the Orb.
     0 | D:1      | Reached XP level 1. HP: 13/13 MP: 3/3
   334 | D:1      | Reached skill level 3 in Air Magic
   477 | D:1      | Gained mutation: A weak demonic guardian rushes to your
                  | aid. [demonic ancestry]
   477 | D:1      | Reached XP level 2. HP: 7/19 MP: 0/5
   621 | D:1      | Learned a level 2 spell: Static Discharge
  1234 | D:1      | Gained mutation: You have a small tail. [demonic ancestry]
  1234 | D:1      | Reached XP level 3. HP: 24/24 MP: 2/6
  2100 | D:2      | Noticed Natasha
  2109 | D:2      | Killed Natasha
  2110 | D:2      | Gained mutation: You regenerate a little health from kills.
                  | [demonic ancestry]
  2110 | D:2      | Reached XP level 4. HP: 12/30 MP: 1/8
  2167 | D:2      | Noticed Natasha
  2175 | D:2      | Killed Natasha
  2182 | D:2      | Noticed Natasha
  2190 | D:2      | HP: 1/30 [cerulean imp/+0 spear[Natasha] (2)]
  2190 | D:2      | Killed from afar by Natasha

Illustrated notes

Levels and vault maps discovered:
D:1:      dpeg_arrival_arbitrary_c, layout_loops_corners, minmay_octomino_c4
D:2:      layout_rooms, amcnicky_mini_corridor_feature, uniq_natasha

Skill      XL: |  1  2  3  4 |
---------------+-------------+-----
Air Magic      | 3 |  3.6
Stealth        | 2 |  2.1
Dodging        | 2 |  2.0
Conjurations   | 2 |  2.1
Fighting       | |  0.1
Short Blades   | |  0.1
Unarmed Combat | |  0.1
Spellcasting   | |  2.8

Action                     |  1- 3 |  4- 6 || total
---------------------------+-------+-------++-------
  Melee: Unarmed           |    28 |       ||    28
         Dagger            |    20 |     3 ||    23
         Tailslap          |     2 |       ||     2
   Cast: Shock             |    92 |     3 ||    95
         Static Discharge  |     3 |     3 ||     6
    Use: Potion            |       |     1 ||     1
 Armour: Robe              |    36 |    11 ||    47
  Dodge: Dodged            |    44 |     3 ||    47
